 Dungeon Crawl Stone Soup version 0.30.0-29-ga12c61a403 (webtiles) character file.

Game seed: 3763072130367978368

52 Dadbod the Digger (level 4, -5/30 HPs)
             Began as a Formicid Earth Elementalist on June 4, 2023.
             Slain by Terence
             ... wielding a +0 mace
              (8 damage)
             ... on level 2 of the Dungeon.
             The game lasted 00:04:28 (1066 turns).

Dadbod the Digger (Formicid Earth Elementalist)     Turns: 1066, Time: 00:04:29

Health: -5/30      AC:  2    Str: 13    XL:     4   Next: 8%
Magic:  2/8        EV: 12    Int: 16    God:
Gold:   31         SH:  0    Dex: 14    Spells: 5/8 levels left

rFire   . . .        f - +1 short sword (venom)
rCold   . . .        (no shield)
rNeg    . . .        a - +0 robe
rPois   .            (helmet unavailable)
rElec   .            (no cloak)
rCorr   .            (no gloves)
SInv    +            (no boots)
Will    .....        (no amulet)
Stlth   ++           (no ring)
HPRegen 0.25/turn    (no ring)
MPRegen 0.11/turn

%: no passive effects
@: no status effects
A: permanent stasis, dig shafts and tunnels, antennae 3, four strong arms
a: Dig, Shaft Self


You were on level 2 of the Dungeon.
You visited 1 branch of the dungeon, and saw 2 of its levels.

You collected 31 gold pieces.

Inventory:

Hand Weapons
 f - a +1 short sword of venom (weapon)
Armour
 a - a +0 robe (worn)
Scrolls
 c - a scroll of enchant armour
 e - a scroll of silence
 g - a scroll of teleportation {unknown}
 h - 2 scrolls of fog {unknown}
Potions
 b - a potion of magic


   Skills:
 + Level 1.7 Dodging
 + Level 2.4 Stealth
 + Level 2.8 Spellcasting
 + Level 1.1 Transmutations
 + Level 5.2 Earth Magic


You had 5 spell levels left.
You knew the following spells:

 Your Spells              Type           Power      Damage    Failure   Level
a - Sandblast             Erth           36%        2d10      2%          1
b - Passwall              Tmut/Erth      10%        N/A       8%          2

Your spell library contained the following spells:

 Spells                   Type           Power      Damage    Failure   Level
 Stone Arrow              Conj/Erth      20%        3d8       21%         3
 Petrify                  Tmut/Erth      12%        N/A       45%         4
 Borgnjor's Revivificati  Necr           1%         N/A       100%        8
 Necromutation            Tmut/Necr      2%         N/A       100%        8
 Death's Door             Necr           1%         N/A       100%        9


Dungeon Overview and Level Annotations

Branches:
Dungeon (2/15)

Altars:

Annotations:
D:2 Terence


Innate Abilities, Weirdness & Mutations

You cannot be hasted, slowed, berserked, paralysed or teleported.
You can dig through walls and to a lower floor.
You have a pair of large antennae on your head. (SInv)
Your four strong arms can wield two-handed weapons with a shield.


Message History

Terence says, "You're history."
Terence hits you with a +0 mace.
Unknown command.
Unknown command.
Unknown command.
Casting: Sandblast (safe; 2% risk of failure)
Confirm with . or Enter, or press ? or * to list all spells.
Aiming: Sandblast (safe; 2% risk of failure)
Press: ? - help, Shift-Dir - straight line, f/p - Terence
Aim: Terence, wielding a +0 mace and wearing a +0 chain mail (moderately wounded, 87% to hit)
The blast of sand hits Terence.
Terence is heavily wounded.
Terence barely misses you.
Unknown command.
Unknown command.
Unknown command.
Casting: Sandblast (safe; 2% risk of failure)
Confirm with . or Enter, or press ? or * to list all spells.
Aiming: Sandblast (safe; 2% risk of failure)
Press: ? - help, Shift-Dir - straight line, f/p - Terence
Aim: Terence, wielding a +0 mace and wearing a +0 chain mail (heavily wounded, 87% to hit)
The blast of sand hits Terence but does no damage.
Terence is heavily wounded.
Terence hits you with a +0 mace. Terence misses you.
Unknown command.
Unknown command.
Unknown command.
You feel very mighty all of a sudden. Terence hits you with a +0 mace.
It was a potion of cancellation.
Your magical effects are unravelling.
You feel magically purged.
You feel a little less mighty now. Terence misses you.
Are you sure you want to shaft yourself?
Terence hits you with a +0 mace!
* * * LOW HITPOINT WARNING * * *
You begin to dig a shaft.
You continue digging a shaft.
Terence hits you with a +0 mace!
You die...

#.....†... #..######
........... #.......#
##......... #....?..#
#..###.##. #.......#
#..# #.##. #.......#
##.# #.##.
#.......###...# #.##.
#.......#...# #.##.
#....@@...###### #. #.
................. #. #.
.########.#..... #. #.
##..#.#### #. #.
#.#####.....# #. #.
......†.######## #.##.
...............#####[#..
###.#.########....##.#.#
#...........###.##.#.#


You could see Terence.

Vanquished Creatures
  An adder (D:2)
  3 worms
  2 dart slugs
  2 bats
  2 endoplasms (D:2)
  2 goblins (D:1)
  3 hobgoblins
  3 jackals (D:1)
  6 kobolds
  3 ball pythons
  3 rats (D:1)
30 creatures vanquished.

Notes
Turn   | Place    | Note
-------+----------+-------------------------------------------
     0 | D:1      | Dadbod the Formicid Earth Elementalist began the quest for
                  | the Orb.
     0 | D:1      | Reached XP level 1. HP: 13/13 MP: 3/3
    81 | D:1      | Reached skill level 4 in Earth Magic
   126 | D:1      | Reached XP level 2. HP: 19/19 MP: 3/5
   506 | D:1      | Reached XP level 3. HP: 24/24 MP: 3/6
   849 | D:2      | Reached skill level 5 in Earth Magic
   855 | D:2      | Learned a level 2 spell: Passwall
   945 | D:2      | Reached XP level 4. HP: 30/30 MP: 4/8
  1053 | D:2      | Noticed Terence
  1066 | D:2      | Slain by Terence

Illustrated notes

Levels and vault maps discovered:
D:1:      lemuel_arrival_river_ford, layout_basic
D:2:      layout_rooms, uniq_natasha, uniq_terence

Skill      XL: |  1  2  3 |
---------------+----------+-----
Earth Magic    | 4 5 |  5.2
Dodging        | |  1.7
Stealth        | |  2.4
Spellcasting   | |  2.8
Transmutations | |  1.1

Action                     |  1- 3 |  4- 6 || total
---------------------------+-------+-------++-------
   Cast: Sandblast         |    38 |    10 ||    48
Ability: Shaft Self        |       |     1 ||     1
    Use: Scroll            |     2 |     1 ||     3
         Potion            |       |     2 ||     2
 Armour: Robe              |     2 |       ||     2
  Dodge: Dodged            |     3 |     4 ||     7
